Map: Ley Lines

Players

Vaisravana - Winner!

  • Race: Terran Terran
  • Spawn Location: 7:00

kitune

  • Race: Zerg Zerg
  • Spawn Location: 1:00

VOD

Have the link to the VOD?

Description

Time

  • Played on: Aug. 30, 2025, 5:25 p.m.
  • Length: 6:29
Show
View Real Time Build Order
Export as new Build Order

Vaisravana Terran - Winner!

Build Orders:  

Get SALT Encoding   

  12  0:00  SCV  
  13  0:12  SCV  
  14  0:17  Supply Depot  
  14  0:24  SCV  
  15  0:39  SCV  
  15  0:40  Barracks  
  16  0:44  Refinery  
  16  0:51  SCV  
  17  1:00  Barracks  
  17  1:03  SCV  
  18  1:16  SCV  
  19  1:27  Reaper  
  19  1:28  Orbital Command  
  20  1:33  Supply Depot  
  20  1:47  Reaper  
  20  1:53  SCV  
  22  2:04  Reaper  
  22  2:05  SCV  
  24  2:12  Command Center  
  24  2:18  SCV  
  24  2:20  Refinery  
  26  2:37  SCV  
  26  2:51  Barracks Reactor, Factory  
  26  2:52  SCV  
  28  3:05  SCV  
  28  3:06  Command Center  
  28  3:07  Marine  
  29  3:21  SCV  
  29  3:26  Orbital Command  
  30  3:27  Barracks Tech Lab  
  30  3:33  SCV  
  31  3:38  Starport  
  31  3:46  SCV  
  31  3:47  Hellion  
  36  3:48  Hellion  
  36  3:52  SCV  
  36  3:53  Barracks Reactor  
  37  4:00  SCV  
  38  4:04  SCV  
  38  4:05  Stimpack  
  38  4:09  Hellion  
  43  4:10  Hellion  
  43  4:14  SCV  
  43  4:16  SCV  
  45  4:17  Liberator  
  48  4:27  Orbital Command  
  48  4:28  SCV x2  
  50  4:36  Marine x3, Supply Depot  
  53  4:40  SCV x2  
  53  4:42  Hellion  
  53  4:43  Hellion  
  59  4:52  SCV  
  60  4:53  SCV  
  60  4:58  SCV  
  60  4:59  Supply Depot  
  62  5:07  Marine  
  62  5:08  Marine x2, SCV  
  62  5:13  SCV  
  62  5:14  Factory Tech Lab, Engineering Bay, SCV  
  68  5:22  Supply Depot  
  68  5:29  SCV  
  68  5:30  Marine x3, SCV  
  68  5:31  Medivac x2  
  77  5:42  Missile Turret x2  
  76  5:43  Siege Tank  
  76  5:45  Refinery  
  76  5:48  Refinery, Marine x3  
  81  5:56  SCV  
  82  5:57  SCV  
  82  5:59  SCV  
  81  6:05  Marine  
  81  6:06  Marine  
  81  6:07  Marine  
  81  6:10  Barracks  
  84  6:16  Starport Reactor  
  84  6:17  SCV  
  89  6:22  Supply Depot  
Show
View Real Time Build Order
Export as new Build Order

kitune Zerg 

Build Orders: Hatch First 

Get SALT Encoding   

  12  0:00  Drone  
  13  0:12  Overlord  
  13  0:17  Drone  
  14  0:31  Drone x2  
  16  0:47  Hatchery  
  15  0:51  Drone  
  15  0:54  Drone  
  17  0:58  Drone  
  18  1:09  Extractor  
  17  1:14  Spawning Pool  
  17  1:17  Drone  
  17  1:20  Drone  
  18  1:31  Drone  
  19  1:39  Drone  
  20  1:50  Overlord  
  20  2:00  Queen x2  
  24  2:02  Zergling x2  
  24  2:03  Zergling x2  
  26  2:10  Metabolic Boost  
  26  2:13  Zergling x2  
  27  2:15  Zergling x2  
  27  2:30  Zergling x2  
  27  2:36  Queen  
  30  2:37  Drone x2  
  32  2:52  Lair  
  32  2:54  Overlord  
  32  2:56  Extractor  
  31  3:08  Drone x5  
  35  3:24  Drone x3  
  35  3:25  Drone x2  
  39  3:39  Drone x2  
  41  3:41  Overlord  
  41  3:51  Spire  
  41  3:53  Drone x3  
  43  4:01  Drone x4, Extractor  
  46  4:03  Drone  
  46  4:05  Drone  
  48  4:10  Overlord  
  48  4:12  Overlord  
  48  4:16  Overlord  
  48  4:23  Extractor  
  47  4:25  Drone x3  
  47  4:29  Drone x2  
  47  4:30  Zergling x4  
  54  4:39  Zergling x6  
  57  4:53  Zergling x8  
  61  5:04  Mutalisk x4  
  61  5:06  Mutalisk  
  69  5:07  Mutalisk  
  73  5:14  Baneling Nest  
  73  5:15  Drone x3  
  68  5:37  Drone  
  68  5:38  Drone x5  
  68  5:40  Hatchery  
  66  5:51  Drone  
  65  6:10  Baneling x12  
  60  6:12  Zergling x2  
Tags
 
Matchup
TvZ
Spawn Locations
Cross Positions
Add a new tag
Caveats
  • Supply blocks, unpowered buildings, or Contaminate may cause inaccurate times.
  • Supply counts are checked every 10 seconds.